 Dungeon Crawl Stone Soup version 0.25-a0-561-g0977b4d109 (webtiles) character file.

Game seed: 10704903414567840322, levelgen mode: deterministic

76484 Flugslaktarn the Severer (level 15, -23/140 HPs)
             Began as a Deep Dwarf Fighter on Feb 25, 2020.
             Was a High Priest of Makhleb.
             Killed from afar by a nagaraja (36 damage)
             ... with a poison arrow
             ... on level 4 of the Snake Pit.
             The game lasted 00:14:31 (15562 turns).

Flugslaktarn the Severer (Deep Dwarf Fighter)      Turns: 15562, Time: 00:14:31

Health: -23/140    AC: 29    Str: 24    XL:     15   Next: 12%
Magic:  13/13      EV:  8    Int: 11    God:    Makhleb [*****.]
Gold:   1061       SH: 25    Dex: 25    Spells: 14/14 levels left

rFire    . . .     SeeInvis .   N - +0 broad axe (vamp)
rCold    + . .     Gourm    .   a - +0 tower shield
rNeg     + . .     Faith    .   o - +0 plate armour
rPois    .         Spirit   .   M - +1 hat
rElec    .         Reflect  +   g - +2 cloak "Fuzy" {rC+ Dex+7}
rCorr    .         Harm     .   v - +2 pair of gloves
MR       ++...                  L - +2 pair of boots
Stlth    ..........             c - +6 amulet of reflection
HPRegen  0.00/turn              p - +2 ring of protection
MPRegen  0.13/turn              s - +6 ring of dexterity

@: lethally poisoned (-23 -> -25), non-regenerating, constricted
A: damage resistance, heal wounds, negative energy resistance 1, sense
surroundings 2, no regeneration
a: Heal Wounds, Minor Destruction, Lesser Servant of Makhleb, Major Destruction,
Greater Servant of Makhleb, Renounce Religion


You were on level 4 of the Snake Pit.
You worshipped Makhleb.
Makhleb was extremely pleased with you.
You were hungry.

You visited 4 branches of the dungeon, and saw 24 of its levels.

You collected 1205 gold pieces.
You spent 144 gold pieces at shops.

Inventory:

Hand Weapons
 x - a +1 broad axe of draining
   (You found it on level 15 of the Dungeon)
 B - a +2 vorpal battleaxe
   (You took it off an orc warrior on level 15 of the Dungeon)
 G - a +1 broad axe
   (You took it off a death knight on level 15 of the Dungeon)
 N - a +0 vampiric broad axe (weapon)
   (You took it off a tengu warrior on level 12 of the Dungeon)
Missiles
 F - 2 throwing nets (quivered)
Armour
 a - a +0 tower shield (worn)
   (You bought it in a shop on level 14 of the Dungeon)
 g - the +2 cloak "Fuzy" (worn) {rC+ Dex+7}
   (You found it on level 7 of the Dungeon)

   It affects your dexterity (+7).
   It protects you from cold.
   If you remove this armour, your AC will decrease by 4 (29 -> 25).
 o - a +0 plate armour (worn)
   (You found it on level 4 of the Dungeon)
 v - a +2 pair of gloves (worn)
   (You found it on level 5 of the Dungeon)
 L - a +2 pair of boots (worn)
   (You found it on level 11 of the Dungeon)
 M - a +1 hat (worn)
   (You found it on level 12 of the Dungeon)
Jewellery
 b - the ring "Rehy" {rN+++ Int-3 Dex+4 Stlth+}
   (You found it on level 4 of the Dungeon)

   [ring of stealth]

   It affects your intelligence (-3).
   It affects your dexterity (+4).
   It renders you almost immune to negative energy.
   It makes you more stealthy.
 c - a +6 amulet of reflection (around neck)
   (You found it on level 14 of the Dungeon)
 f - an uncursed ring of protection from fire
   (You found it on level 3 of the Snake Pit)
 m - an uncursed ring of protection from magic
   (You found it on level 3 of the Lair of Beasts)
 p - a +2 ring of protection (left hand)
   (You found it on level 4 of the Dungeon)
 s - a +6 ring of dexterity (right hand)
   (You found it on level 5 of the Dungeon)
 S - a +2 ring of protection
   (You found it on level 2 of the Lair of Beasts)
Wands
 k - a wand of acid (39)
   (You found it on level 7 of the Dungeon)
 E - a wand of iceblast (10)
   (You found it on level 10 of the Dungeon)
 H - a wand of clouds (3)
   (You found it on level 2 of the Lair of Beasts)
 P - a wand of scattershot (12)
   (You found it on level 13 of the Dungeon)
Scrolls
 i - a scroll of enchant armour
 r - 5 scrolls of identify
 t - 5 scrolls of teleportation
 y - a scroll of magic mapping
 z - 2 scrolls of blinking
 A - a scroll of holy word
 C - 7 scrolls of remove curse
 R - 2 scrolls of summoning
 T - 3 scrolls of enchant weapon
 U - a scroll of silence
 V - 4 scrolls of fear
Potions
 d - 2 potions of might
 h - 2 potions of haste
 j - 2 potions of invisibility
 l - 3 potions of magic
 n - 2 potions of resistance
 q - a potion of curing
 u - 2 potions of ambrosia
 w - 4 potions of heal wounds
 D - 2 potions of mutation
 I - a potion of brilliance
 J - 4 potions of lignification
 K - 2 potions of flight
 Q - a potion of berserk rage
Comestibles
 e - 40 rations


   Skills:
 + Level 10.6 Fighting
 * Level 16.2 Axes
 + Level 12.3 Armour
 - Level 9.1 Dodging
 + Level 9.9 Shields
 + Level 14.3 Invocations


You had 14 spell levels left.
You didn't know any spells.
Your spell library was empty.

Dungeon Overview and Level Annotations

Branches:
Dungeon (15/15)            Temple (1/1) D:4            Lair (4/6) D:10
  Swamp (0/4) Lair:3        Snake (4/4) Lair:4          Orc (0/2) D:11
 Vaults (0/5) D:13         Depths (0/5) D:15

Altars:
Ashenzari
Cheibriados
Elyvilon
Gozag
Hepliaklqana
Kikubaaqudgha
Makhleb
Nemelex Xobeh
Okawaru
Qazlal
Ru
Sif Muna
Trog
Uskayaw
Vehumet
Wu Jian
Xom
Yredelemnul
Zin
The Shining One

Shops:
D:4 !   D:14 [   Snake:2 ([[}

Annotations:
D:15 Roxanne
Lair:3 exclusion: oklob plant


Innate Abilities, Weirdness & Mutations

You are resistant to damage.
You can heal yourself by infusing magical energy.
You resist negative energy. (rN+)
You passively map the area around you.
You do not regenerate.


Message History

The nagaraja is almost dead.
You feel sick.
The nagaraja hits you but does no damage.
The nagaraja constricts you.
You feel better. The nagaraja spits poison at you.
The splash of poison hits you.
You are poisoned.
* * * LOW HITPOINT WARNING * * *
The nagaraja constricts you. You block the nagaraja's attack.
The nagaraja constricts you.
Evoke which item? (* to show all) (? for menu, Esc to quit)
Aiming: Iceblast
Press: ? - help, Shift-Dir - straight line The mass of ice explodes!
The iceblast engulfs the nagaraja.
The nagaraja is almost dead.
The nagaraja gestures at you while chanting.
The poison arrow hits you!!!
You are more poisoned.
You die...

, , ..#####.#. .......,,
,, .......... #......,
,#########.#.#.
*#......,,.#.......#.)...
....... ..#.......#.....
#...... ..#......)#.....
#..... #.#......)'...[.
#...#N##.#......)#.....
#....@..##+######.....
#.....................
#.....................
#.....................
#......................
*#...........###########
#...#........# ,
*#..##........# , ^
..##.........# ,


You could see a nagaraja.

Vanquished Creatures
  Jorgrun (D:14)
  The ghost of Jaimpeja the Black Sun, a journeyman DsNe of Kikubaaqudgha (D:15)
  Nessos (D:14)
  3 naga warriors
  Harold (D:9)
  8 two-headed ogres
  A death knight (D:15)
  3 centaur warriors
  An ogre mage (D:15)
  3 anacondas
  3 tengu warriors
  3 naga sharpshooters
  2 shock serpents
  4 skeletal warriors
  A golden dragon zombie (D:15)
  7 unseen horrors
  A wizard (D:11)
  A phantasmal warrior (D:15)
  2 necromancers
  An orc knight (D:15)
  2 mana vipers (Snake:3)
  4 ugly things
  2 manticores
  6 salamanders
  7 black mambas
  12 naga magi
  Joseph (D:9)
  A centaur zombie (D:12)
  2 guardian serpents
  A spiny frog (shapeshifter) (D:13)
  A spriggan zombie (D:15)
  2 gargoyles (D:11)
  4 spiny frogs
  Maggie (D:9)
  A kobold demonologist (D:12)
  An efreet (D:15)
  A komodo dragon (Lair:2)
  2 freezing wraiths (D:15)
  A polar bear (shapeshifter) (D:15)
  3 meliai (D:15)
  4 trolls
  A polar bear (D:11)
  2 hornets
  2 meliai zombies
  8 blink frogs
  9 hippogriffs
  A spriggan (D:7)
  A shadow (D:14)
  3 wraiths
  5 wyverns
  5 basilisks
  A vampire (D:13)
  2 hungry ghosts
  29 yaks
  4 vampire mosquitoes (D:12)
  A warg (D:15)
  21 nagas
  2 acid dragons (D:15)
  A soldier ant (D:12)
  3 water moccasins
  2 ice beasts
  9 orc warriors
  7 porcupines
  4 black bears (D:10)
  A hornet zombie (D:9)
  An eye of draining (D:11)
  2 sky beasts
  2 phantoms (D:7)
  A necrophage (D:15)
  6 wolves (Lair:2)
  8 ogres
  3 big kobolds
  14 centaurs
  10 crocodiles
  15 bullfrogs
  4 scorpions
  4 wights (D:10)
  A howler monkey (D:5)
  2 electric eels (D:11)
  3 crimson imps (D:14)
  A quasit (D:12)
  6 hounds
  11 orc priests
  10 orc wizards
  2 bullfrog zombies
  3 centaur skeletons
  Crazy Yiuf (D:7)
  5 iguanas
  3 jellies
  5 bullfrog skeletons
  Ijyb (D:4)
  Natasha (twice) (D:2)
  9 worker ants
  A killer bee zombie (D:7)
  3 hound skeletons
  2 worker ant zombies
  17 adders
  A shadow imp (D:13)
  A white imp (D:11)
  3 oozes
  2 adder zombies (D:6)
  2 adder skeletons
  2 worms (D:4)
  2 dart slugs
  7 leopard geckos
  53 orcs
  5 giant cockroaches
  2 goblins (D:2)
  5 hobgoblins
  5 jackals
  8 quokkas
  4 bats
  16 kobolds
  A leopard gecko skeleton (D:4)
  A quokka zombie (D:9)
  2 rats
  2 fungi (D:7)
  A plant (D:10)
  A withered plant (D:15)
515 creatures vanquished.

Vanquished Creatures (collateral kills)
  3 hydras
  A vampire mage (D:15)
  A skeletal warrior (D:15)
  A yaktaur zombie (D:15)
  An ice dragon zombie (D:15)
  2 hippogriffs (Lair:2)
  2 yaks (Lair:2)
  2 porcupines (Lair:2)
13 creatures vanquished.

Vanquished Creatures (others)
  3 naga sharpshooters
  A cyclops (D:15)
  5 withered plants (D:15)
9 creatures vanquished.

Grand Total: 537 creatures vanquished

Notes
Turn   | Place    | Note
-------+----------+-------------------------------------------
     0 | D:1      | Flugslaktarn the Deep Dwarf Fighter began the quest for the
                  | Orb.
     0 | D:1      | Reached XP level 1. HP: 20/20 MP: 1/1
    79 | D:2      | Noticed Natasha
    85 | D:2      | Killed Natasha
    85 | D:2      | Reached skill level 3 in Axes
    85 | D:2      | Reached XP level 2. HP: 21/27 MP: 2/2
    88 | D:2      | Reached XP level 3. HP: 23/34 MP: 3/3
   153 | D:2      | Found a bloodstained altar of Trog.
   170 | D:2      | Found a glowing silver altar of Zin.
   171 | D:2      | Found a sacrificial altar of Ru.
   178 | D:2      | Found an iron altar of Okawaru.
   196 | D:2      | Noticed Natasha
   203 | D:2      | Killed Natasha
   203 | D:2      | Reached XP level 4. HP: 38/42 MP: 4/4
   306 | D:3      | Reached skill level 4 in Axes
   306 | D:3      | Reached XP level 5. HP: 45/49 MP: 5/5
   646 | D:4      | Reached XP level 6. HP: 43/57 MP: 6/6
   845 | D:4      | Reached skill level 5 in Axes
   973 | D:4      | Got a smoking bronze ring
   998 | D:4      | Identified the ring "Rehy" {rN+++ Int-3 Dex+4 Stlth+} (You
                  | found it on level 4 of the Dungeon)
  1000 | D:4      | Found a staircase to the Ecumenical Temple.
  1019 | Temple   | Entered the Ecumenical Temple
  1637 | D:4      | Noticed Ijyb
  1655 | D:4      | Killed Ijyb
  1680 | D:4      | Found Ucliyc's Distillery.
  1738 | D:5      | Entered Level 5 of the Dungeon
  1894 | D:5      | Reached XP level 7. HP: 63/64 MP: 7/7
  1971 | D:5      | Reached skill level 5 in Shields
  2019 | D:5      | Reached skill level 6 in Axes
  2019 | D:5      | Reached skill level 5 in Armour
  2599 | D:6      | Reached XP level 8. HP: 41/73 MP: 8/8
  2695 | D:6      | Reached skill level 7 in Axes
  2988 | D:6      | Reached skill level 5 in Fighting
  3266 | D:7      | Noticed a hippogriff
  3282 | D:7      | Killed a hippogriff
  3282 | D:7      | Reached skill level 8 in Axes
  3340 | D:7      | Got a brightly glowing cloak
  3346 | D:7      | Identified the +2 cloak "Fuzy" {rC+ Dex+7} (You found it on
                  | level 7 of the Dungeon)
  3395 | D:7      | Gained mutation: You passively map the area around you.
                  | [Deep Dwarf growth]
  3395 | D:7      | Reached XP level 9. HP: 34/81 MP: 8/8
  3617 | D:7      | Reached skill level 1 in Dodging
  3700 | D:7      | Reached skill level 9 in Axes
  4203 | D:7      | Found a runed translucent door.
  4204 | D:7      | Noticed Crazy Yiuf
  4208 | D:7      | Killed Crazy Yiuf
  4433 | D:8      | Found a burning altar of Makhleb.
  4442 | D:8      | Became a worshipper of Makhleb the Destroyer
  4572 | D:8      | Reached skill level 1 in Invocations
  4766 | D:8      | Noticed a two-headed ogre
  4776 | D:8      | Killed a two-headed ogre
  5026 | D:9      | Noticed Maggie
  5035 | D:9      | Killed Maggie
  5035 | D:9      | Reached XP level 10. HP: 64/92 MP: 8/8
  5162 | D:9      | Reached skill level 10 in Axes
  5226 | D:9      | Found an iron altar of Okawaru.
  5241 | D:9      | Noticed Joseph
  5261 | D:9      | Killed Joseph
  5331 | D:9      | Noticed Harold
  5346 | D:9      | Killed Harold
  5346 | D:9      | Reached skill level 5 in Invocations
  5532 | D:10     | Entered Level 10 of the Dungeon
  5631 | D:10     | Paralysed by a hornet for 3 turns
  5636 | D:10     | Reached skill level 5 in Dodging
  5698 | D:10     | Noticed a two-headed ogre
  5702 | D:10     | Reached * piety under Makhleb
  5712 | D:10     | Killed a two-headed ogre
  5834 | D:10     | Reached skill level 11 in Axes
  5869 | D:10     | Killed an unseen horror
  5869 | D:10     | Reached XP level 11. HP: 27/100 MP: 11/11
  5905 | D:10     | Found a staircase to the Lair.
  6079 | D:10     | Killed an unseen horror
  6226 | D:10     | Reached ** piety under Makhleb
  6897 | D:11     | Noticed a wizard
  6909 | D:11     | Killed a wizard
  6916 | D:11     | Reached skill level 12 in Axes
  7063 | D:11     | Noticed a two-headed ogre
  7073 | D:11     | Killed a two-headed ogre
  7160 | D:11     | Reached *** piety under Makhleb
  7174 | D:11     | Reached skill level 10 in Invocations
  7214 | D:11     | Noticed a skeletal warrior
  7214 | D:11     | Noticed a skeletal warrior
  7216 | D:11     | Noticed a skeletal warrior
  7236 | D:11     | Killed a skeletal warrior
  7236 | D:11     | Reached XP level 12. HP: 71/110 MP: 10/10
  7257 | D:11     | Found a staircase to the Orcish Mines.
  8223 | D:12     | Reached **** piety under Makhleb
  8232 | D:12     | Noticed a tengu warrior
  8233 | D:12     | Noticed a tengu warrior
  8252 | D:12     | Killed a tengu warrior
  8266 | D:12     | Killed a tengu warrior
  8266 | D:12     | Reached skill level 13 in Axes
  8266 | D:12     | Reached skill level 10 in Armour
  9070 | D:13     | Noticed a two-headed ogre
  9084 | D:13     | Killed a two-headed ogre
  9115 | D:13     | Found a gate to the Vaults.
  9572 | D:14     | You fall into a shaft and drop 1 floor!
  9572 | D:15     | Entered Level 15 of the Dungeon
  9572 | D:15     | Found a staircase to the Depths.
  9573 | D:15     | Noticed a vampire mage
  9573 | D:15     | Noticed a centaur warrior
  9582 | D:14     | Noticed Nessos
  9602 | D:14     | Killed Nessos
  9752 | D:14     | Noticed Jorgrun
  9779 | D:14     | Killed Jorgrun
  9779 | D:14     | Reached XP level 13. HP: 120/120 MP: 13/13
 10108 | D:14     | Found Vuxt's Antique Armour Boutique.
 10116 | D:14     | Bought a tower shield for 144 gold pieces
 10281 | D:14     | Reached ***** piety under Makhleb
 10488 | D:15     | Reached skill level 14 in Axes
 10752 | D:15     | Noticed Roxanne
 10988 | D:15     | Gained mutation: You resist negative energy. (rN+) [Deep
                  | Dwarf growth]
 10988 | D:15     | Reached XP level 14. HP: 130/130 MP: 13/13
 11011 | D:15     | Found a runed translucent gate.
 11011 | D:15     | Found a runed translucent gate.
 11011 | D:15     | Found a runed translucent gate.
 11012 | D:15     | Noticed Jaimpeja's ghost (journeyman DsNe)
 11151 | D:15     | Killed Jaimpeja's ghost
 11800 | Lair:1   | Entered Level 1 of the Lair of Beasts
 11947 | Lair:2   | Reached skill level 15 in Axes
 12397 | Lair:2   | Found a sacrificial altar of Ru.
 12544 | Lair:2   | Found a dark tunnel.
 12969 | Lair:3   | Reached skill level 10 in Fighting
 13361 | Lair:3   | Found a staircase to the Swamp.
 13773 | Lair:4   | Found a staircase to the Snake Pit.
 13826 | Snake:1  | Entered Level 1 of the Snake Pit
 14061 | Snake:2  | Found Weqosch's Gadget Shop.
 14102 | Snake:2  | Found Reneoz's Armour Emporium.
 14107 | Snake:2  | Found Nueghiho's Armour Emporium.
 14329 | Snake:2  | Found Xeiraf's Antique Weapon Shop.
 14755 | Snake:3  | HP: 5/133 [mana viper (4)]
 14846 | Snake:3  | Reached skill level 16 in Axes
 14916 | Snake:3  | Reached XP level 15. HP: 103/140 MP: 13/13
 15455 | Snake:4  | Entered Level 4 of the Snake Pit
 15525 | Snake:4  | Noticed a nagaraja
 15560 | Snake:4  | HP: 7/140 [poisoned by a nagaraja (bolt of poison)]
 15562 | Snake:4  | Killed from afar by a nagaraja

Levels and vault maps discovered:
D:1:      scummos_arrival_forest, layout_rooms, serial_bayou_pond_a,
          minmay_misc_feat_rows
D:2:      cheibrodos_pilgrimage, layout_loops_cross, grunt_temple_overflow_open,
          chequers_ecumenical_altar_simple_redux, uniq_natasha
D:3:      layout_basic, nicolae_overflow_hidden_temple, fedhas_altar_2,
          first_ration
D:4:      layout_basic, minmay_temple_entry_butterflies, serial_shops, shop,
          glass_columns_b, grunt_ministairs_3, hangedman_abyss_or_decor_stagger,
          uniq_ijyb
D:5:      layout_cave_pods
D:6:      layout_basic
D:7:      layout_loops_corners, the_bakery, uniq_crazy_yiuf_cottage
D:8:      layout_cave_pods, makhleb_heckhound_becter
D:9:      layout_roguey, basic_altar, uniq_joseph, uniq_harold, uniq_maggie
D:10:     layout_cave_pods, minmay_lair_entry_grove,
          hangedman_abyss_or_decor_slice, minmay_strange_pillars, minivault_23
D:11:     minmay_imperfect_grid, layout_basic, serial_ice, serial_ice_f,
          serial_ice_n, serial_ice_k, serial_ice_g
D:12:     layout_basic
D:13:     layout_layer_cave, david_vaults_4, kennysheep_generic_room_14
D:14:     layout_gridville, serial_park_tiny_2, serial_shops, shop,
          uniq_jorgrun, uniq_nessos
D:15:     gammafunk_depths_entry_grave, layout_cave_pods,
          ebering_ghost_rock_garden, serial_glass, glass_columns_a,
          glass_columns_c, hex_tiny, nrook_mini_backslash, drop_trap,
          uniq_roxanne
Temple:   regret_index_temple_generic_petals
Lair:1:   beast_lair_carwin_large_3, layout_loops_ring,
          chequers_serial_rivers_micro_b, lemuel_fruit_fields
Lair:2:   layout_cave_pods, nicolae_volcano_entry_s_turn, basic_altar,
          grunt_megastairs_2, infiniplex_staircase_pool_2
Lair:3:   layout_small_grid, swamp_mist, minmay_hedge_maze, lemuel_fruit_tree,
          minmay_lair_oklob_chamber
Lair:4:   layout_layer_cave, dummy_snake_entry
Snake:1:  layout_chambers, ebering_ghost_reflecting_pool, grunt_megastairs_3,
          uniq_rupert
Snake:2:  layout_layer_cave, serial_shops, shop_statue,
          nicolae_shop_window_shopping, shop, basic_altar, eino_curves_04,
          minmay_shop_star
Snake:3:  layout_honeycomb, nicolae_snake_round_shape_thing,
          guppyfry_library_mini
Snake:4:  minmay_snake_end_coiled, layout_cave_town, st_stairs_8, uniq_aizul,
          uniq_agnes

Skill      XL: |  1  2  3  4  5  6  7  8  9 10 11 12 13 14 |
---------------+-------------------------------------------+-----
Axes           | 3 4 5 6 8 9 11 12 13 14 16 | 16.2
Fighting       | 3 4 5 6 7 8 9 10 | 10.6
Shields        | 4 5 6 7 8 9 |  9.9
Armour         | 4 5 6 7 8 9 10 11 12 | 12.3
Dodging        | 4 5 7 8 9 |  9.1
Invocations    | 3 7 10 12 13 14 | 14.3

Action                   |  1- 3 |  4- 6 |  7- 9 | 10-12 | 13-15 || total
-------------------------+-------+-------+-------+-------+-------++-------
Melee: War axe           |    53 |   223 |   313 |       |       ||   589
       Battleaxe         |       |       |    86 |   692 |       ||   778
       Broad axe         |       |       |       |    54 |  1096 ||  1150
Invok: Lesser Servant of |       |       |       |       |    10 ||    10
 Abil: Heal Wounds       |     1 |     8 |    10 |    20 |     8 ||    47
Evoke: Wand              |       |       |     1 |     6 |     1 ||     8
  Use: Scroll            |       |       |    16 |     8 |     8 ||    32
       Potion            |       |       |       |     1 |     4 ||     5
 Stab: Distracted        |       |       |       |     1 |    13 ||    14
  Eat: Chunk             |       |     1 |     9 |    15 |    15 ||    40
       Ration            |       |     1 |     1 |       |     3 ||     5
Armor: Scale mail        |    18 |    80 |       |       |       ||    98
       Plate armour      |       |    37 |   257 |   757 |   638 ||  1689
Dodge: Dodged            |    13 |    42 |    88 |   597 |   364 ||  1104
Block: Kite shield       |    28 |   103 |   190 |    64 |    36 ||   421
       Tower shield      |       |       |       |       |  1367 ||  1367
       Reflection        |       |       |       |       |    69 ||    69

Table legend:
 A = Non-vault XP
 B = Vault XP
 C = Vault XP percentage of total XP
 D = Non-vault monster count
 E = Vault monster count
 F = Vault count percentage of total count
                 A         B        C        D         E       F
            +---------+---------+-------+---------+---------+-------
      Total |   82375 |   26889 |  24.6 |     449 |      79 |  15.0
            +---------+---------+-------+---------+---------+-------
        D:1 |       3 |       0 |   0.0 |       2 |       0 |   0.0
        D:2 |     109 |      36 |  24.8 |      19 |       1 |   5.0
        D:3 |     200 |       0 |   0.0 |      23 |       0 |   0.0
        D:4 |     303 |      40 |  11.7 |      11 |       2 |  15.4
        D:5 |     648 |       0 |   0.0 |      19 |       0 |   0.0
        D:6 |     741 |       0 |   0.0 |      23 |       0 |   0.0
        D:7 |    1750 |     269 |  13.3 |      30 |       2 |   6.2
        D:8 |    1230 |      43 |   3.4 |      12 |       1 |   7.7
        D:9 |     577 |    1762 |  75.3 |      17 |       3 |  15.0
       D:10 |    3442 |    2725 |  44.2 |      28 |      13 |  31.7
       D:11 |    5017 |    4905 |  49.4 |      26 |      28 |  51.9
       D:12 |    6809 |       0 |   0.0 |      39 |       0 |   0.0
       D:13 |    1909 |    2473 |  56.4 |      17 |       5 |  22.7
       D:14 |    5176 |    4138 |  44.4 |      22 |       2 |   8.3
       D:15 |   18773 |    5068 |  21.3 |      53 |       9 |  14.5
     Lair:1 |    1409 |       0 |   0.0 |       7 |       0 |   0.0
     Lair:2 |    7368 |     502 |   6.4 |      36 |       2 |   5.3
     Lair:3 |    2286 |       0 |   0.0 |      11 |       0 |   0.0
     Lair:4 |     433 |       0 |   0.0 |       1 |       0 |   0.0
    Snake:1 |    3764 |    2667 |  41.5 |       7 |       4 |  36.4
    Snake:2 |    5199 |       0 |   0.0 |      12 |       0 |   0.0
    Snake:3 |   12800 |    2261 |  15.0 |      28 |       7 |  20.0
    Snake:4 |    2429 |       0 |   0.0 |       6 |       0 |   0.0
            +---------+---------+-------+---------+---------+-------
